Blackhawks vs Sharks

Created - 3 mai 2022 at 10:38

Goals
1 2 3 OT1 T
Blackhawks 0 3 0 1 4
Sharks 1 1 1 0 3
Shots
1 2 3 OT1 T
Blackhawks 9 19 5 1 34
Sharks 8 21 2 0 31

1st period

1. Sharks , Alexander Radulov 3 (Kasperi Kapanen 2, Boone Jenner 3) at 19:46

Penalties :
No Penalty

2nd period

2. Blackhawks , Alex Formenton 1 (Cody Eakin 1) at 0:38
3. Blackhawks , Mikael Backlund 2 (Kevin Hayes 1) at 10:14
4. Blackhawks , Brock McGinn 1 (Moritz Seider 1) at 13:15
5. Sharks , Gabriel Landeskog 1 (Shea Theodore 1, Semyon Varlamov) at 14:42

Penalties :
No Penalty

3rd period

6. Sharks , Alexander Radulov 4 (Shea Theodore 2) at 16:59

Penalties :
Gabriel Landeskog (SJS) for Tripping (Minor) at 7:13, Mark Borowiecki (SJS) for Hooking (Minor) at 13:27

Overtime #1

7. Blackhawks , Ryan Ellis 1 (Mikael Backlund 1) at 0:04

Penalties :
No Penalty

Goalie Stats

Frederik Andersen (CHI), 28 saves from 31 shots - (0,903), W, 1-1-0, 60:04 minutes
Semyon Varlamov (SJS), 30 saves from 34 shots - (0,882), OTL, 1-0-1, 60:04 minutes

Players Stats for Blackhawks

Player Name              G  A  P  +/- PIM S  H  SB GA TA FO     MP     PP MP  PK MP  
------------------------------------------------------------------------------------
Alex Formenton           1  0  1   2  0   2  0  0  0  0  0/0    15:25   1:37   0:00 
Anton Blidh              0  0  0   0  0   1  2  0  0  0  0/0     9:00   0:00   0:00 
Brock McGinn             1  0  1   2  0   2  0  1  0  0  0/0    15:17   1:24   0:00 
Carson Soucy             0  0  0   1  0   3  1  0  0  0  0/0    19:21   1:37   0:00 
Cody Eakin               0  1  1   2  0   0  2  1  0  0  5/6    14:02   0:00   0:00 
Derek Forbort            0  0  0   0  0   0  0  3  0  4  0/0    19:18   0:00   0:00 
Kevin Hayes              0  1  1   2  0   3  0  1  1  0  0/2    17:55   1:47   0:00 
Luke Kunin               0  0  0   2  0   0  3  0  0  1  1/2    16:26   0:23   0:00 
Mark Stone               0  0  0  -3  0   8  3  0  1  0  0/1    19:18   2:11   0:00 
Matt Benning             0  0  0   0  0   2  2  0  0  0  0/0    19:23   0:21   0:00 
Michael Rasmussen        0  0  0   0  0   1  1  1  1  1  1/3     9:19   0:00   0:00 
Mikael Backlund          1  1  2   2  0   3  3  1  0  0  7/18   17:49   2:11   0:00 
Moritz Seider            0  1  1   0  0   2  2  1  0  1  0/0    21:41   2:06   0:00 
Niko Mikkola             0  0  0   1  0   1  1  1  0  0  0/0    17:44   0:00   0:00 
Ryan Ellis               1  0  1   0  0   1  1  0  0  0  0/0    21:04   2:15   0:00 
Tyler Benson             0  0  0   0  0   0  1  0  1  0  0/0     9:00   0:00   0:00 
Tyler Bertuzzi           0  0  0  -3  0   4  3  0  2  0  0/0    19:02   1:47   0:00 
Yanni Gourde             0  0  0  -3  0   1  1  0  1  0  6/17   19:16   2:11   0:00 

Players Stats for Sharks

Player Name              G  A  P  +/- PIM S  H  SB GA TA FO     MP     PP MP  PK MP  
------------------------------------------------------------------------------------
Alex Pietrangelo         0  0  0  -3  0   2  1  1  0  1  0/0    22:26   0:00   2:25 
Alexander Radulov        2  0  2  -1  0   9  0  0  0  0  0/0    16:04   0:00   0:00 
Boone Jenner             0  1  1  -1  0   2  1  1  1  0  15/21  16:43   0:00   0:47 
Carter Rowney            0  0  0   1  0   0  1  0  1  0  0/3     9:24   0:00   2:00 
Colton Sceviour          0  0  0   1  0   0  0  0  0  0  0/1     7:24   0:00   0:00 
David Krejci             0  0  0  -1  0   1  2  1  0  0  6/11   16:23   0:00   0:00 
Dylan Larkin             0  0  0   0  0   2  2  1  1  0  0/0    16:35   0:00   0:20 
Gabriel Landeskog        1  0  1  -1  2   6  0  1  1  0  1/1    17:11   0:00   0:25 
Jason Demers             0  0  0  -4  0   1  4  1  0  0  0/0    22:40   0:00   0:58 
Jonathan Huberdeau       0  0  0   0  0   2  0  0  0  0  1/2    17:34   0:00   1:19 
Justin Braun             0  0  0   0  0   2  1  3  0  2  0/0    23:06   0:00   2:11 
K'Andre Miller           0  0  0   2  0   0  1  0  0  1  0/0    16:46   0:00   1:33 
Kasperi Kapanen          0  1  1  -1  0   3  1  1  2  0  0/1    15:34   0:00   0:00 
Mark Borowiecki          0  0  0   1  2   0  2  1  0  2  0/0    19:56   0:00   0:49 
Michael Raffl            0  0  0   1  0   0  1  0  0  0  0/0     8:54   0:00   1:21 
Shea Theodore            0  2  2   2  0   0  1  1  0  1  0/0    15:13   0:00   0:00 
Sidney Crosby            0  0  0   0  0   0  0  0  1  0  6/8    16:19   0:00   0:00 
Teuvo Teravainen         0  0  0  -1  0   1  0  0  0  0  0/1    18:08   0:00   1:44 

3 Stars

1 - Mikael Backlund (CHI)
2 - Alexander Radulov (SJS)
3 - Brock McGinn (CHI)

Power Play

Blackhawks - 0 on 2 Attempt(s) - 0,00%
Sharks - 0 on 0 Attempt(s) - 0,00%

Penalty Kill

Blackhawks - 0 on 0 Attempt(s) - 0,00% - Score 0 goal in Penalty Kill
Sharks - 2 on 2 Attempt(s) - 100,00% - Score 0 goal in Penalty Kill

Team Stat

Blackhawks - Hits : 26 - Faceoff Wins : 20 - Blocked Shots : 10 - Penalty Minutes : 0
Sharks - Hits : 18 - Faceoff Wins : 29 - Blocked Shots : 12 - Penalty Minutes : 4

Official

Referees : Chris Rooney and Justin St. Pierre
Linesman : Steven Berry and Derek Amell

Game Notes

No Game Note

Finance

Level 1 -- Attendance: 6000 (100,00%) -- Ticket Income 600 000 $
Level 2 -- Attendance: 5000 (100,00%) -- Ticket Income 300 000 $
Level 3 -- Attendance: 2000 (100,00%) -- Ticket Income 70 000 $
Level 4 -- Attendance: 4000 (100,00%) -- Ticket Income 80 000 $
Luxury Box -- Attendance: 1000 (100,00%) -- Ticket Income 200 000 $
Game was played at the Wananiche.
Total Attendance: 18000 (100,00%)
Total Ticket Income: 1 250 000 $
Other Income: 612 500 $
Total Income: 1 862 500 $

Blackhawks

5 vs 5 Forward 
   Center                   Left Wing                Right Wing               Time % Phy DF OF 
 1 Yanni Gourde             Tyler Bertuzzi           Mark Stone               34     0   2  3  
 2 Mikael Backlund          Kevin Hayes              Luke Kunin               31     1   2  2  
 3 Cody Eakin               Alex Formenton           Brock McGinn             25     1   3  1  
 4 Michael Rasmussen        Tyler Benson             Anton Blidh              10     2   2  1  

5 vs 5 Defense 
   Defense                  Defense                                           Time % Phy DF OF 
 1 Derek Forbort            Moritz Seider                                     35     1   2  2  
 2 Ryan Ellis               Matt Benning                                      33     1   3  1  
 3 Carson Soucy             Niko Mikkola                                      32     2   2  1  
 4 Moritz Seider            Ryan Ellis                                        0      1   2  2  

PowerPlay Forward 
   Center                   Left Wing                Right Wing               Time % Phy DF OF 
 1 Mikael Backlund          Yanni Gourde             Mark Stone               60     0   0  5  
 2 Kevin Hayes              Tyler Bertuzzi           Brock McGinn             40     0   0  5  

PowerPlay Defense
   Defense                  Defense                                           Time % Phy DF OF 
 1 Moritz Seider            Ryan Ellis                                        70     0   0  5  
 2 Carson Soucy             Alex Formenton                                    30     0   0  5  

Penalty Kill 4 Players Forward 
   Center                   Wing                     Time % Phy DF OF 
 1 Cody Eakin               Alex Formenton           60     1   3  1  
 2 Mikael Backlund          Brock McGinn             40     1   3  1  

Penalty Kill 4 Players Defense
   Defense                  Defense                  Time % Phy DF OF 
 1 Derek Forbort            Matt Benning             60     1   3  1  
 2 Carson Soucy             Niko Mikkola             40     1   3  1  

Penalty Kill - 3 Players Forward 
   Forward                                           Time % Phy DF OF 
 1 Cody Eakin                                        60     1   3  1  
 2 Mikael Backlund                                   40     1   3  1  

Penalty Kill - 3 Players Defense
   Defense                  Defense                  Time % Phy DF OF 
 1 Niko Mikkola             Matt Benning             60     1   3  1  
 2 Derek Forbort            Carson Soucy             40     1   3  1  

4 vs 4 Forward 
   Center                   Wing                     Time % Phy DF OF 
 1 Mikael Backlund          Mark Stone               60     1   2  2  
 2 Yanni Gourde             Tyler Bertuzzi           40     1   2  2  

4 vs 4 Defense
   Defense                  Defense                  Time % Phy DF OF 
 1 Carson Soucy             Ryan Ellis               60     1   2  2  
 2 Derek Forbort            Moritz Seider            40     1   2  2  

Last Minutes Offensive
   Center                   Left Wing                Right Wing               Defense                  Defense                  
   Mikael Backlund          Tyler Bertuzzi           Mark Stone               Ryan Ellis               Moritz Seider            

Last Minutes Defensive
   Center                   Left Wing                Right Wing               Defense                  Defense                  
   Cody Eakin               Brock McGinn             Yanni Gourde             Matt Benning             Derek Forbort            

Goaltenders
Starting : Frederik Andersen        
Backup : David Rittich            

Extra Forwards
Normal : Mark Stone, Yanni Gourde, Tyler Bertuzzi - PP : Tyler Bertuzzi, Kevin Hayes - PK : Brock McGinn
Extra Defensemen
Normal : Ryan Ellis, Moritz Seider, Carson Soucy - PP : Moritz Seider - PK : Derek Forbort, Matt Benning
Penalty Shots
Brock McGinn, Kevin Hayes, Ryan Ellis, Tyler Benson, Tyler Bertuzzi
Custom OT Lines Forwards
Mark Stone, Mikael Backlund, Yanni Gourde, Tyler Bertuzzi, Kevin Hayes, Luke Kunin, Alex Formenton, Brock McGinn, Cody Eakin, Michael Rasmussen
Custom OT Lines Defensemen
Moritz Seider, Ryan Ellis, Derek Forbort, Carson Soucy, Matt Benning

Scratches
None

Sharks

5 vs 5 Forward 
   Center                   Left Wing                Right Wing               Time % Phy DF OF 
 1 Sidney Crosby            Dylan Larkin             Jonathan Huberdeau       31     0   1  4  
 2 David Krejci             Gabriel Landeskog        Teuvo Teravainen         31     0   1  4  
 3 Boone Jenner             Alexander Radulov        Kasperi Kapanen          30     0   2  3  
 4 Carter Rowney            Michael Raffl            Colton Sceviour          8      0   3  2  

5 vs 5 Defense 
   Defense                  Defense                                           Time % Phy DF OF 
 1 Alex Pietrangelo         Jason Demers                                      38     0   2  3  
 2 Justin Braun             Mark Borowiecki                                   37     0   2  3  
 3 Shea Theodore            K'Andre Miller                                    19     0   2  3  
 4 Justin Braun             Jason Demers                                      6      0   3  2  

PowerPlay Forward 
   Center                   Left Wing                Right Wing               Time % Phy DF OF 
 1 Gabriel Landeskog        David Krejci             Jonathan Huberdeau       55     0   0  5  
 2 David Krejci             Gabriel Landeskog        Teuvo Teravainen         45     0   0  5  

PowerPlay Defense
   Defense                  Defense                                           Time % Phy DF OF 
 1 Alex Pietrangelo         Shea Theodore                                     55     0   1  4  
 2 Jason Demers             K'Andre Miller                                    45     0   1  4  

Penalty Kill 4 Players Forward 
   Center                   Wing                     Time % Phy DF OF 
 1 Carter Rowney            Teuvo Teravainen         60     0   4  1  
 2 Boone Jenner             Michael Raffl            40     0   4  1  

Penalty Kill 4 Players Defense
   Defense                  Defense                  Time % Phy DF OF 
 1 Justin Braun             Alex Pietrangelo         60     0   4  1  
 2 Mark Borowiecki          K'Andre Miller           40     0   4  1  

Penalty Kill - 3 Players Forward 
   Forward                                           Time % Phy DF OF 
 1 Carter Rowney                                     60     0   5  0  
 2 Boone Jenner                                      40     0   5  0  

Penalty Kill - 3 Players Defense
   Defense                  Defense                  Time % Phy DF OF 
 1 Justin Braun             Alex Pietrangelo         60     0   5  0  
 2 Jason Demers             K'Andre Miller           40     0   5  0  

4 vs 4 Forward 
   Center                   Wing                     Time % Phy DF OF 
 1 Sidney Crosby            Gabriel Landeskog        55     0   2  3  
 2 David Krejci             Dylan Larkin             45     0   2  3  

4 vs 4 Defense
   Defense                  Defense                  Time % Phy DF OF 
 1 Alex Pietrangelo         Shea Theodore            55     0   3  2  
 2 Mark Borowiecki          K'Andre Miller           45     0   3  2  

Last Minutes Offensive
   Center                   Left Wing                Right Wing               Defense                  Defense                  
   Sidney Crosby            Gabriel Landeskog        Jonathan Huberdeau       Alex Pietrangelo         Shea Theodore            

Last Minutes Defensive
   Center                   Left Wing                Right Wing               Defense                  Defense                  
   Boone Jenner             Carter Rowney            Michael Raffl            Justin Braun             Alex Pietrangelo         

Goaltenders
Starting : Semyon Varlamov          
Backup : Darcy Kuemper            

Extra Forwards
Normal : Sidney Crosby, Teuvo Teravainen, Alexander Radulov - PP : David Krejci, Dylan Larkin - PK : Michael Raffl
Extra Defensemen
Normal : Shea Theodore, Mark Borowiecki, Jason Demers - PP : Shea Theodore - PK : Mark Borowiecki, Jason Demers
Penalty Shots
Sidney Crosby, Alexander Radulov, Boone Jenner, Jonathan Huberdeau, Gabriel Landeskog
Custom OT Lines Forwards
Sidney Crosby, Gabriel Landeskog, Jonathan Huberdeau, Dylan Larkin, Boone Jenner, David Krejci, Alexander Radulov, Teuvo Teravainen, Kasperi Kapanen, Colton Sceviour
Custom OT Lines Defensemen
Alex Pietrangelo, Justin Braun, Jason Demers, K'Andre Miller, Shea Theodore

Scratches
Robert Thomas (Healthy), Oliver Wahlstrom (Healthy)

% Time on Ice - Blackhawks

Lines # - Real PCT - Wanted PCT - Time Play
Normal Forward
1 - 31% - 34% - 17:32
2 - 28% - 31% - 15:46
3 - 25% - 25% - 13:48
4 - 16% - 10% - 9:00
Normal Defense
1 - 36% - 35% - 19:59
2 - 33% - 33% - 18:21
3 - 32% - 32% - 17:44
4 - 0% - 0% - 0:02
PP Forward
1 - 55% - 60% - 2:11
2 - 45% - 40% - 1:47
PP Defense
1 - 59% - 70% - 2:21
2 - 41% - 30% - 1:37
PK Forward
1 - 0% - 60%
2 - 0% - 40%
PK Defense
1 - 0% - 60%
2 - 0% - 40%
PK3 Forward
1 - 0% - 60%
2 - 0% - 40%
PK3 Defense
1 - 0% - 60%
2 - 0% - 40%
44 Forward
1 - 0% - 60%
2 - 0% - 40%
44 Defense
1 - 0% - 60%
2 - 0% - 40%
Last Minute Offensive  - 0:00
Last Minute Defensive  - 0:00
Total
Forward - 60:04
Defense - 60:04

% Time on Ice - Sharks

Lines # - Real PCT - Wanted PCT - Time Play
Normal Forward
1 - 30% - 31% - 16:45
2 - 29% - 31% - 16:23
3 - 28% - 30% - 15:34
4 - 13% - 8% - 7:24
Normal Defense
1 - 35% - 38% - 19:54
2 - 34% - 37% - 19:15
3 - 27% - 19% - 15:13
4 - 3% - 6% - 1:44
PP Forward
1 - 0% - 55%
2 - 0% - 45%
PP Defense
1 - 0% - 55%
2 - 0% - 45%
PK Forward
1 - 80% - 60% - 3:11
2 - 20% - 40% - 0:47
PK Defense
1 - 55% - 60% - 2:11
2 - 45% - 40% - 1:47
PK3 Forward
1 - 0% - 60%
2 - 0% - 40%
PK3 Defense
1 - 0% - 60%
2 - 0% - 40%
44 Forward
1 - 0% - 55%
2 - 0% - 45%
44 Defense
1 - 0% - 55%
2 - 0% - 45%
Last Minute Offensive  - 0:00
Last Minute Defensive  - 0:00
Total
Forward - 60:04
Defense - 60:04

Play-by-Play

1st period


0:01 of 1st period - Sidney Crosby wins face-off versus Yanni Gourde in neutral zone.
0:27 of 1st period - Teuvo Teravainen is hit by Luke Kunin and loses puck.
1:53 of 1st period - Snap shot by Tyler Bertuzzi.
1:53 of 1st period - Shot Misses the Net.
1:55 of 1st period - Wrist shot by Carson Soucy.
1:55 of 1st period - Shot Blocked by Boone Jenner.
1:57 of 1st period - Snap shot by Niko Mikkola.
1:57 of 1st period - Stopped by Semyon Varlamov without a rebound.
1:58 of 1st period - David Krejci wins face-off versus Mikael Backlund in Sharks zone.
2:04 of 1st period - Off-side.
2:05 of 1st period - David Krejci wins face-off versus Mikael Backlund in neutral zone.
2:14 of 1st period - Wrist shot by Gabriel Landeskog.
2:14 of 1st period - Stopped by Frederik Andersen with a rebound.
2:53 of 1st period - Slapshot by Gabriel Landeskog.
2:53 of 1st period - Deflect By Teuvo Teravainen.
2:53 of 1st period - Shot Blocked by Mikael Backlund.
2:53 of 1st period - Puck is out of play.
2:54 of 1st period - Yanni Gourde wins face-off versus Kasperi Kapanen in Blackhawks zone.
2:59 of 1st period - Wrist shot by Mark Stone.
2:59 of 1st period - Stopped by Semyon Varlamov with a rebound.
3:01 of 1st period - Slapshot by Derek Forbort.
3:01 of 1st period - Shot Misses the Net.
3:03 of 1st period - Snap shot by Mark Stone.
3:03 of 1st period - Shot Misses the Net.
3:05 of 1st period - Slapshot by Derek Forbort.
3:05 of 1st period - Shot Misses the Net.
3:07 of 1st period - Wrist shot by Tyler Bertuzzi.
3:07 of 1st period - Stopped by Semyon Varlamov with a rebound.
3:31 of 1st period - Wrist shot by Jonathan Huberdeau.
3:31 of 1st period - Shot Blocked by Brock McGinn.
3:33 of 1st period - Slapshot by Justin Braun.
3:33 of 1st period - Deflect By Jonathan Huberdeau.
3:33 of 1st period - Shot Misses the Net.
3:33 of 1st period - Puck is out of play.
3:34 of 1st period - Michael Rasmussen wins face-off versus Carter Rowney in Blackhawks zone.
3:59 of 1st period - Matt Benning is hit by Dylan Larkin and loses puck.
4:20 of 1st period - Snap shot by Kevin Hayes.
4:20 of 1st period - Stopped by Semyon Varlamov without a rebound.
4:21 of 1st period - Luke Kunin wins face-off versus Boone Jenner in Sharks zone.
4:36 of 1st period - Niko Mikkola is hit by Kasperi Kapanen and loses puck.
4:56 of 1st period - Backhand shot by Alex Pietrangelo.
4:56 of 1st period - Stopped by Frederik Andersen with a rebound.
5:33 of 1st period - Ryan Ellis is hit by David Krejci and loses puck.
5:40 of 1st period - Snap shot by David Krejci.
5:40 of 1st period - Shot Blocked by Cody Eakin.
5:56 of 1st period - Snap shot by Alexander Radulov.
5:56 of 1st period - Shot Blocked by Michael Rasmussen.
6:11 of 1st period - Icing by Shea Theodore.
6:12 of 1st period - Yanni Gourde wins face-off versus Colton Sceviour in Sharks zone.
6:45 of 1st period - Snap shot by Brock McGinn.
6:45 of 1st period - Shot Misses the Net.
7:11 of 1st period - Carson Soucy is hit by Mark Borowiecki.
7:28 of 1st period - Luke Kunin is hit by Jason Demers and loses puck.
7:39 of 1st period - Backhand shot by Dylan Larkin.
7:39 of 1st period - Stopped by Frederik Andersen with a rebound.
7:49 of 1st period - Carson Soucy is hit by Carter Rowney and loses puck.
7:56 of 1st period - Wrist shot by Michael Raffl.
7:56 of 1st period - Shot Misses the Net.
7:58 of 1st period - Snap shot by Michael Raffl.
7:58 of 1st period - Shot Misses the Net.
8:34 of 1st period - Dylan Larkin is hit by Cody Eakin and loses puck.
8:55 of 1st period - Slapshot by Michael Rasmussen.
8:55 of 1st period - Shot Misses the Net.
8:57 of 1st period - Slapshot by Matt Benning.
8:57 of 1st period - Stopped by Semyon Varlamov with a rebound.
9:01 of 1st period - Wrist shot by Michael Rasmussen.
9:01 of 1st period - Shot Blocked by Kasperi Kapanen.
9:11 of 1st period - Michael Raffl is hit by Tyler Bertuzzi and loses puck.
9:18 of 1st period - Snap shot by Mark Stone.
9:18 of 1st period - Shot Misses the Net.
9:36 of 1st period - Jason Demers is hit by Luke Kunin and loses puck.
9:50 of 1st period - Icing by Derek Forbort.
9:51 of 1st period - Sidney Crosby wins face-off versus Michael Rasmussen in Blackhawks zone.
10:14 of 1st period - Snap shot by Jonathan Huberdeau.
10:14 of 1st period - Stopped by Frederik Andersen with a rebound.
10:16 of 1st period - Snap shot by Jason Demers.
10:16 of 1st period - Shot Blocked by Derek Forbort.
10:22 of 1st period - Snap shot by Dylan Larkin.
10:22 of 1st period - Stopped by Frederik Andersen with a rebound.
10:32 of 1st period - Snap shot by Moritz Seider.
10:32 of 1st period - Shot Blocked by Jason Demers.
10:42 of 1st period - Moritz Seider is hit by Dylan Larkin and loses puck.
10:53 of 1st period - Snap shot by Michael Rasmussen.
10:53 of 1st period - Stopped by Semyon Varlamov with a rebound.
11:22 of 1st period - Wrist shot by Jonathan Huberdeau.
11:22 of 1st period - Shot Misses the Net.
11:30 of 1st period - Jonathan Huberdeau is hit by Tyler Benson and loses puck.
11:43 of 1st period - Dylan Larkin is hit by Anton Blidh and loses puck.
11:57 of 1st period - Slapshot by Jonathan Huberdeau.
11:57 of 1st period - Shot Misses the Net.
12:17 of 1st period - Snap shot by Jonathan Huberdeau.
12:17 of 1st period - Stopped by Frederik Andersen without a rebound.
12:18 of 1st period - David Krejci wins face-off versus Yanni Gourde in Blackhawks zone.
12:25 of 1st period - Wrist shot by Mark Stone.
12:25 of 1st period - Stopped by Semyon Varlamov without a rebound.
12:26 of 1st period - Yanni Gourde wins face-off versus David Krejci in Sharks zone.
13:13 of 1st period - Wrist shot by Gabriel Landeskog.
13:13 of 1st period - Shot Blocked by Derek Forbort.
13:19 of 1st period - Shea Theodore is hit by Mark Stone and loses puck.
13:30 of 1st period - Backhand shot by Tyler Bertuzzi.
13:30 of 1st period - Stopped by Semyon Varlamov without a rebound.
13:31 of 1st period - Boone Jenner wins face-off versus Mikael Backlund in Sharks zone.
16:53 of 1st period - Alex Pietrangelo is hit by Matt Benning and loses puck.
18:37 of 1st period - Icing by Moritz Seider.
18:38 of 1st period - David Krejci wins face-off versus Mikael Backlund in Blackhawks zone.
18:41 of 1st period - Wrist shot by Gabriel Landeskog.
18:41 of 1st period - Stopped by Frederik Andersen without a rebound.
18:42 of 1st period - Mikael Backlund wins face-off versus David Krejci in Blackhawks zone.
18:47 of 1st period - Teuvo Teravainen is hit by Luke Kunin.
19:03 of 1st period - Snap shot by David Krejci.
19:03 of 1st period - Shot Misses the Net.
19:09 of 1st period - Gabriel Landeskog is hit by Mikael Backlund and loses puck.
19:22 of 1st period - Ryan Ellis is hit by Jason Demers and loses puck.
19:33 of 1st period - Slapshot by Matt Benning.
19:33 of 1st period - Stopped by Semyon Varlamov without a rebound.
19:34 of 1st period - Boone Jenner wins face-off versus Yanni Gourde in Sharks zone.
19:34 of 1st period - Boone Jenner is hit by Yanni Gourde.
19:46 of 1st period - Snap shot by Kasperi Kapanen.
19:46 of 1st period - Deflect By Alexander Radulov.
19:46 of 1st period - Goal by Alexander Radulov - Blackhawks : 0 - Sharks : 1.
19:47 of 1st period - Boone Jenner wins face-off versus Yanni Gourde in neutral zone.
Goals for this period are 0 for Blackhawks vs 1 for Sharks.
Shots for this period are 9 for Blackhawks vs 8 for Sharks.

2nd period


0:01 of 2nd period - Boone Jenner wins face-off versus Yanni Gourde in neutral zone.
0:16 of 2nd period - Mark Borowiecki is hit by Moritz Seider.
0:30 of 2nd period - Snap shot by Brock McGinn.
0:30 of 2nd period - Shot Misses the Net.
0:32 of 2nd period - Snap shot by Brock McGinn.
0:32 of 2nd period - Deflect By Alex Formenton.
0:32 of 2nd period - Shot Misses the Net.
0:32 of 2nd period - Puck is out of play.
0:33 of 2nd period - Cody Eakin wins face-off versus David Krejci in Sharks zone.
0:38 of 2nd period - Slapshot by Alex Formenton.
0:38 of 2nd period - Goal by Alex Formenton - Blackhawks : 1 - Sharks : 1.
0:39 of 2nd period - Boone Jenner wins face-off versus Yanni Gourde in neutral zone.
0:50 of 2nd period - Snap shot by Alexander Radulov.
0:50 of 2nd period - Stopped by Frederik Andersen with a rebound.
0:52 of 2nd period - Slapshot by Jason Demers.
0:52 of 2nd period - Stopped by Frederik Andersen with a rebound.
1:10 of 2nd period - Snap shot by Gabriel Landeskog.
1:10 of 2nd period - Stopped by Frederik Andersen with a rebound.
1:12 of 2nd period - Slapshot by Justin Braun.
1:12 of 2nd period - Stopped by Frederik Andersen with a rebound.
2:39 of 2nd period - Wrist shot by Moritz Seider.
2:39 of 2nd period - Stopped by Semyon Varlamov without a rebound.
2:40 of 2nd period - Gabriel Landeskog wins face-off versus Cody Eakin in Sharks zone.
2:47 of 2nd period - Brock McGinn is hit by Jason Demers and loses puck.
2:56 of 2nd period - Snap shot by Gabriel Landeskog.
2:56 of 2nd period - Stopped by Frederik Andersen without a rebound.
2:57 of 2nd period - Boone Jenner wins face-off versus Yanni Gourde in Blackhawks zone.
3:55 of 2nd period - Snap shot by Teuvo Teravainen.
3:55 of 2nd period - Shot Blocked by Derek Forbort.
4:17 of 2nd period - Moritz Seider is hit by Justin Braun and loses puck.
4:38 of 2nd period - Kasperi Kapanen is hit by Niko Mikkola and loses puck.
5:32 of 2nd period - Wrist shot by Gabriel Landeskog.
5:32 of 2nd period - Shot Misses the Net.
5:46 of 2nd period - Slapshot by Ryan Ellis.
5:46 of 2nd period - Shot Blocked by Shea Theodore.
5:48 of 2nd period - Snap shot by Yanni Gourde.
5:48 of 2nd period - Shot Misses the Net.
5:50 of 2nd period - Wrist shot by Mark Stone.
5:50 of 2nd period - Shot Misses the Net.
6:04 of 2nd period - K'Andre Miller is hit by Michael Rasmussen and loses puck.
7:19 of 2nd period - Wrist shot by Tyler Bertuzzi.
7:19 of 2nd period - Shot Misses the Net.
7:37 of 2nd period - Wrist shot by Mark Stone.
7:37 of 2nd period - Stopped by Semyon Varlamov without a rebound.
7:38 of 2nd period - Boone Jenner wins face-off versus Mikael Backlund in Sharks zone.
7:47 of 2nd period - Slapshot by Boone Jenner.
7:47 of 2nd period - Stopped by Frederik Andersen with a rebound.
7:49 of 2nd period - Wrist shot by Kasperi Kapanen.
7:49 of 2nd period - Stopped by Frederik Andersen with a rebound.
7:51 of 2nd period - Wrist shot by Kasperi Kapanen.
7:51 of 2nd period - Stopped by Frederik Andersen with a rebound.
7:53 of 2nd period - Snap shot by Jason Demers.
7:53 of 2nd period - Deflect By Boone Jenner.
7:53 of 2nd period - Stopped by Frederik Andersen without a rebound.
7:54 of 2nd period - Jonathan Huberdeau wins face-off versus Mark Stone in Blackhawks zone.
8:27 of 2nd period - Wrist shot by David Krejci.
8:27 of 2nd period - Stopped by Frederik Andersen with a rebound.
8:37 of 2nd period - Snap shot by Tyler Bertuzzi.
8:37 of 2nd period - Shot Misses the Net.
8:39 of 2nd period - Snap shot by Mark Stone.
8:39 of 2nd period - Stopped by Semyon Varlamov without a rebound.
8:40 of 2nd period - Boone Jenner wins face-off versus Mikael Backlund in Sharks zone.
8:53 of 2nd period - Slapshot by Justin Braun.
8:53 of 2nd period - Stopped by Frederik Andersen without a rebound.
8:54 of 2nd period - Cody Eakin wins face-off versus Jonathan Huberdeau in Blackhawks zone.
9:33 of 2nd period - Luke Kunin is hit by Boone Jenner and loses puck.
9:54 of 2nd period - Snap shot by Teuvo Teravainen.
9:54 of 2nd period - Stopped by Frederik Andersen without a rebound.
9:55 of 2nd period - Sidney Crosby wins face-off versus Yanni Gourde in Blackhawks zone.
10:06 of 2nd period - Wrist shot by Mark Stone.
10:06 of 2nd period - Stopped by Semyon Varlamov without a rebound.
10:07 of 2nd period - Mikael Backlund wins face-off versus Boone Jenner in Sharks zone.
10:14 of 2nd period - Slapshot by Mikael Backlund.
10:14 of 2nd period - Goal by Mikael Backlund - Blackhawks : 2 - Sharks : 1.
10:15 of 2nd period - Boone Jenner wins face-off versus Mikael Backlund in neutral zone.
11:12 of 2nd period - Slapshot by Brock McGinn.
11:12 of 2nd period - Shot Misses the Net.
11:51 of 2nd period - Wrist shot by Alexander Radulov.
11:51 of 2nd period - Stopped by Frederik Andersen with a rebound.
11:53 of 2nd period - Snap shot by Kasperi Kapanen.
11:53 of 2nd period - Shot Blocked by Kevin Hayes.
11:55 of 2nd period - Snap shot by Kasperi Kapanen.
11:55 of 2nd period - Stopped by Frederik Andersen with a rebound.
12:11 of 2nd period - Snap shot by David Krejci.
12:11 of 2nd period - Shot Blocked by Niko Mikkola.
12:35 of 2nd period - Snap shot by Tyler Bertuzzi.
12:35 of 2nd period - Deflect By Yanni Gourde.
12:35 of 2nd period - Stopped by Semyon Varlamov with a rebound.
12:37 of 2nd period - Slapshot by Carson Soucy.
12:37 of 2nd period - Shot Blocked by Justin Braun.
12:39 of 2nd period - Slapshot by Carson Soucy.
12:39 of 2nd period - Stopped by Semyon Varlamov with a rebound.
12:41 of 2nd period - Slapshot by Niko Mikkola.
12:41 of 2nd period - Shot Misses the Net.
12:53 of 2nd period - Snap shot by Tyler Bertuzzi.
12:53 of 2nd period - Stopped by Semyon Varlamov with a rebound.
12:55 of 2nd period - Snap shot by Mark Stone.
12:55 of 2nd period - Stopped by Semyon Varlamov with a rebound.
12:57 of 2nd period - Wrist shot by Mark Stone.
12:57 of 2nd period - Shot Misses the Net.
13:05 of 2nd period - Snap shot by Tyler Bertuzzi.
13:05 of 2nd period - Shot Misses the Net.
13:07 of 2nd period - Wrist shot by Tyler Bertuzzi.
13:07 of 2nd period - Stopped by Semyon Varlamov without a rebound.
13:08 of 2nd period - Cody Eakin wins face-off versus Boone Jenner in Sharks zone.
13:15 of 2nd period - Snap shot by Moritz Seider.
13:15 of 2nd period - Deflect By Brock McGinn.
13:15 of 2nd period - Goal by Brock McGinn - Blackhawks : 3 - Sharks : 1.
13:16 of 2nd period - Boone Jenner wins face-off versus Mikael Backlund in neutral zone.
13:31 of 2nd period - Snap shot by Mikael Backlund.
13:31 of 2nd period - Stopped by Semyon Varlamov with a rebound.
13:54 of 2nd period - Wrist shot by Gabriel Landeskog.
13:54 of 2nd period - Stopped by Frederik Andersen without a rebound.
13:55 of 2nd period - Sidney Crosby wins face-off versus Kevin Hayes in Blackhawks zone.
14:21 of 2nd period - Moritz Seider is hit by Mark Borowiecki and loses puck.
14:26 of 2nd period - Snap shot by Alexander Radulov.
14:26 of 2nd period - Stopped by Frederik Andersen with a rebound.
14:42 of 2nd period - Slapshot by Gabriel Landeskog.
14:42 of 2nd period - Goal by Gabriel Landeskog - Blackhawks : 3 - Sharks : 2.
14:43 of 2nd period - David Krejci wins face-off versus Luke Kunin in neutral zone.
14:43 of 2nd period - Gabriel Landeskog is hit by Ryan Ellis and loses puck.
14:58 of 2nd period - Wrist shot by Kevin Hayes.
14:58 of 2nd period - Stopped by Semyon Varlamov with a rebound.
15:37 of 2nd period - Dylan Larkin is hit by Tyler Bertuzzi.
16:29 of 2nd period - Wrist shot by Mark Stone.
16:29 of 2nd period - Stopped by Semyon Varlamov with a rebound.
16:39 of 2nd period - Slapshot by Alexander Radulov.
16:39 of 2nd period - Stopped by Frederik Andersen with a rebound.
17:20 of 2nd period - Snap shot by Moritz Seider.
17:20 of 2nd period - Deflect By Alex Formenton.
17:20 of 2nd period - Stopped by Semyon Varlamov without a rebound.
17:21 of 2nd period - Boone Jenner wins face-off versus Kevin Hayes in Sharks zone.
17:35 of 2nd period - Off-side.
17:36 of 2nd period - Yanni Gourde wins face-off versus Teuvo Teravainen in neutral zone.
17:50 of 2nd period - Off-side.
17:51 of 2nd period - Mikael Backlund wins face-off versus Boone Jenner in neutral zone.
18:02 of 2nd period - Snap shot by Kevin Hayes.
18:02 of 2nd period - Stopped by Semyon Varlamov without a rebound.
18:03 of 2nd period - Mikael Backlund wins face-off versus David Krejci in Sharks zone.
18:30 of 2nd period - Icing by Gabriel Landeskog.
18:31 of 2nd period - Cody Eakin wins face-off versus David Krejci in Sharks zone.
18:40 of 2nd period - Snap shot by Moritz Seider.
18:40 of 2nd period - Shot Blocked by David Krejci.
19:07 of 2nd period - Slapshot by Yanni Gourde.
19:07 of 2nd period - Deflect By Gabriel Landeskog.
19:07 of 2nd period - Shot Blocked by Mark Borowiecki.
19:07 of 2nd period - Puck is out of play.
19:08 of 2nd period - Boone Jenner wins face-off versus Mikael Backlund in Sharks zone.
19:17 of 2nd period - Slapshot by Alex Pietrangelo.
19:17 of 2nd period - Stopped by Frederik Andersen without a rebound.
19:18 of 2nd period - Boone Jenner wins face-off versus Mikael Backlund in Blackhawks zone.
19:19 of 2nd period - Wrist shot by Alexander Radulov.
19:19 of 2nd period - Stopped by Frederik Andersen with a rebound.
19:38 of 2nd period - Wrist shot by Alexander Radulov.
19:38 of 2nd period - Stopped by Frederik Andersen without a rebound.
19:39 of 2nd period - Yanni Gourde wins face-off versus Sidney Crosby in Blackhawks zone.
19:44 of 2nd period - Wrist shot by Mark Stone.
19:44 of 2nd period - Stopped by Semyon Varlamov with a rebound.
19:46 of 2nd period - Slapshot by Carson Soucy.
19:46 of 2nd period - Stopped by Semyon Varlamov without a rebound.
19:47 of 2nd period - Sidney Crosby wins face-off versus Yanni Gourde in Sharks zone.
Goals for this period are 3 for Blackhawks vs 1 for Sharks.
Shots for this period are 19 for Blackhawks vs 21 for Sharks.

3rd period


0:01 of 3rd period - Sidney Crosby wins face-off versus Yanni Gourde in neutral zone.
0:26 of 3rd period - Jason Demers is hit by Matt Benning and loses puck.
0:39 of 3rd period - Matt Benning is hit by Jason Demers and loses puck.
1:37 of 3rd period - Slapshot by Anton Blidh.
1:37 of 3rd period - Shot Blocked by Dylan Larkin.
1:39 of 3rd period - Snap shot by Anton Blidh.
1:39 of 3rd period - Stopped by Semyon Varlamov with a rebound.
1:41 of 3rd period - Slapshot by Carson Soucy.
1:41 of 3rd period - Stopped by Semyon Varlamov with a rebound.
1:43 of 3rd period - Wrist shot by Anton Blidh.
1:43 of 3rd period - Shot Misses the Net.
1:53 of 3rd period - Alexander Radulov is hit by Moritz Seider and loses puck.
2:18 of 3rd period - Icing by Justin Braun.
2:19 of 3rd period - Boone Jenner wins face-off versus Mikael Backlund in Sharks zone.
2:59 of 3rd period - Snap shot by Alexander Radulov.
2:59 of 3rd period - Stopped by Frederik Andersen with a rebound.
3:01 of 3rd period - Snap shot by Jason Demers.
3:01 of 3rd period - Shot Blocked by Moritz Seider.
3:19 of 3rd period - Slapshot by Mikael Backlund.
3:19 of 3rd period - Stopped by Semyon Varlamov with a rebound.
3:21 of 3rd period - Wrist shot by Luke Kunin.
3:21 of 3rd period - Deflect By Alexander Radulov.
3:21 of 3rd period - Shot Misses the Net.
3:21 of 3rd period - Puck is out of play.
3:22 of 3rd period - David Krejci wins face-off versus Yanni Gourde in Sharks zone.
4:30 of 3rd period - Wrist shot by Cody Eakin.
4:30 of 3rd period - Deflect By Brock McGinn.
4:30 of 3rd period - Stopped by Semyon Varlamov with a rebound.
5:33 of 3rd period - Wrist shot by Kevin Hayes.
5:33 of 3rd period - Shot Blocked by Alex Pietrangelo.
5:35 of 3rd period - Wrist shot by Kevin Hayes.
5:35 of 3rd period - Shot Blocked by Gabriel Landeskog.
6:39 of 3rd period - Justin Braun is hit by Anton Blidh and loses puck.
7:13 of 3rd period - Minor Penalty to Gabriel Landeskog for Tripping.
7:14 of 3rd period - Mikael Backlund wins face-off versus Carter Rowney in Sharks zone.
7:21 of 3rd period - Carter Rowney is hit by Mikael Backlund and loses puck.
8:56 of 3rd period - Carson Soucy is hit by Alex Pietrangelo and loses puck.
9:13 of 3rd period - Penalty to Gabriel Landeskog is over, Gabriel Landeskog is back on ice.
9:27 of 3rd period - Wrist shot by Alexander Radulov.
9:27 of 3rd period - Shot Misses the Net.
11:43 of 3rd period - Mark Stone is hit by Michael Raffl and loses puck.
11:54 of 3rd period - Shea Theodore is hit by Mark Stone and loses puck.
12:24 of 3rd period - Alex Formenton is hit by K'Andre Miller and loses puck.
12:31 of 3rd period - Brock McGinn is hit by David Krejci and loses puck.
12:52 of 3rd period - Gabriel Landeskog is hit by Cody Eakin and loses puck.
13:04 of 3rd period - Off-side.
13:05 of 3rd period - Yanni Gourde wins face-off versus Sidney Crosby in neutral zone.
13:17 of 3rd period - Snap shot by Mark Stone.
13:17 of 3rd period - Shot Blocked by Justin Braun.
13:19 of 3rd period - Wrist shot by Tyler Bertuzzi.
13:19 of 3rd period - Shot Blocked by Justin Braun.
13:21 of 3rd period - Slapshot by Moritz Seider.
13:21 of 3rd period - Stopped by Semyon Varlamov with a rebound.
13:27 of 3rd period - Minor Penalty to Mark Borowiecki for Hooking.
13:28 of 3rd period - Mikael Backlund wins face-off versus Carter Rowney in Sharks zone.
13:43 of 3rd period - Justin Braun is hit by Mikael Backlund and loses puck.
14:22 of 3rd period - Gabriel Landeskog is hit by Mark Stone and loses puck.
15:27 of 3rd period - Penalty to Mark Borowiecki is over, Mark Borowiecki is back on ice.
15:41 of 3rd period - Icing by Justin Braun.
15:42 of 3rd period - Boone Jenner wins face-off versus Michael Rasmussen in Sharks zone.
15:42 of 3rd period - Boone Jenner is hit by Carson Soucy.
16:19 of 3rd period - Jonathan Huberdeau is hit by Tyler Bertuzzi and loses puck.
16:44 of 3rd period - Brock McGinn is hit by Shea Theodore and loses puck.
16:59 of 3rd period - Snap shot by Alexander Radulov.
16:59 of 3rd period - Goal by Alexander Radulov - Blackhawks : 3 - Sharks : 3.
17:00 of 3rd period - Cody Eakin wins face-off versus Boone Jenner in neutral zone.
Goals for this period are 0 for Blackhawks vs 1 for Sharks.
Shots for this period are 5 for Blackhawks vs 2 for Sharks.

Overtime #1


0:01 of 1st overtime period - Mikael Backlund wins face-off versus Boone Jenner in neutral zone.
0:04 of 1st overtime period - Snap shot by Ryan Ellis.
0:04 of 1st overtime period - Goal by Ryan Ellis - Blackhawks : 4 - Sharks : 3.
Goals for this period are 1 for Blackhawks vs 0 for Sharks.
Shots for this period are 1 for Blackhawks vs 0 for Sharks. Output by the SimonT Hockey Simulator (STHS) for Eric Tremblay - Original Page W3C HTML5 Valid
Hockey Simulator - Hockey Simulation - Hockey Manager